 Dungeon Crawl Stone Soup version 0.20-a0-548-g4f8a798 (webtiles) character file.

87 krabocopter the Skirmisher (level 4, -1/41 HPs)
             Began as a Draconian Monk on Feb 1, 2017.
             Killed by divine providence
             ... invoked by an orc priest
              (13 damage)
             ... on level 3 of the Dungeon.
             The game lasted 00:05:22 (1670 turns).

krabocopter the Skirmisher (Draconian Monk)         Turns: 1670, Time: 00:05:23

Health: -1/41      AC:  5    Str: 10 (13) XL:     4   Next: 28%
Magic:  4/4        EV: 13    Int:  9 (11) God:
Gold:   103        SH:  0    Dex: 12 (14) Spells: 3/3 levels left

rFire    + . .     SeeInvis .     - Unarmed
rCold    + . .     Gourm    .   (armour unavailable)
rNeg     . . .     Faith    .   (no shield)
rPois    +         Spirit   .   (helmet restricted)
rElec    +         Reflect  .   (no cloak)
rCorr    +         Harm     .   (no gloves)
MR       .....                  (no boots)
Stlth    ++........             (no amulet)
Regen    0.2/turn               (no ring)
                                b - ring of resist corrosion

@: resistant
A: unfitting armour, screaming 1, evolution 1, cold-blooded, AC +5
a: no special abilities


You were on level 3 of the Dungeon.
You were hungry.

You visited 1 branch of the dungeon, and saw 3 of its levels.

You collected 103 gold pieces.

Inventory:

Armour
 s - a +0 pair of gloves
Jewellery
 b - a ring of resist corrosion (left hand)
Scrolls
 d - 2 scrolls of teleportation {unknown}
 f - a scroll of immolation {unknown}
 h - a scroll of blinking {unknown}
 j - a scroll of random uselessness {unknown}
 o - 4 scrolls of identify {unknown}
 p - 2 scrolls of remove curse {unknown}
 q - 2 scrolls of enchant armour {unknown}
 t - a scroll of magic mapping {unknown}
Potions
 e - a potion of lignification
 g - a potion of degeneration
 n - a potion of ambrosia
Comestibles
 a - 2 bread rations
 i - 2 meat rations
 k - 2 royal jellies


   Skills:
 + Level 4.3 Fighting
 - Level 2.6 Dodging
 - Level 1.8 Stealth
 + Level 4.3 Unarmed Combat


You had 3 spell levels left.
You didn't know any spells.

Dungeon Overview and Level Annotations

Branches:
Dungeon (3/15)

Altars:
Trog
Xom
Zin
The Shining One


Innate Abilities, Weirdness & Mutations

Your plain brown scales are hard. (AC +5)
You cannot fit into any form of body armour.
You are cold-blooded and may be slowed by cold attacks.
You occasionally shout uncontrollably at your foes.
You evolve.


Message History

You barely miss the orc priest.
The orc priest is lightly wounded.
The quokka closely misses you. The orc priest hits you with a dagger.
* * * LOW HITPOINT WARNING * * *
You closely miss the orc priest.
Your tail-slap misses the orc priest.
Your punch misses the orc priest.
The orc priest is lightly wounded.
The quokka closely misses you. The orc priest closely misses you.
You closely miss the orc priest.
The orc priest is lightly wounded.
The quokka barely misses you. The orc priest misses you.
The quokka barely misses you.
An orc priest comes into view. It is wielding an enchanted falchion.
You barely miss the orc priest.
The orc priest shouts!
You tail-slap the orc priest, but do no damage.
The orc priest is lightly wounded.
The orc priest invokes the aid of Beogh against you.
Beogh smites you!
You die...

#.# #.#.#.# # #.#
#.#.#.####### #.#
#####.........# #.#
########.#####.# #.#
#########.# ##.#
#.##########...###.#
#...
#.....o.o##.....##.#
#...
########r#.......#.#
#... #o@.#####...#
#### ##### #####


You could see 2 orc priests, an orc and a quokka.

Vanquished Creatures
  A hound (D:3)
  An adder (D:2)
  A worm (D:2)
  2 leopard geckos
  An orc (D:3)
  A giant cockroach (D:2)
  5 goblins
  7 hobgoblins
  2 jackals (D:1)
  6 kobolds
  7 bats
  3 frilled lizards
  4 rats
41 creatures vanquished.

Notes
Turn   | Place    | Note
-------+----------+-------------------------------------------
     0 | D:1      | krabocopter the Draconian Monk began the quest for the Orb.
     0 | D:1      | Reached XP level 1. HP: 19/19 MP: 1/1
   147 | D:1      | Reached XP level 2. HP: 22/26 MP: 2/2
   841 | D:2      | Reached XP level 3. HP: 19/33 MP: 3/3
  1114 | D:2      | Found a bloodstained altar of Trog.
  1114 | D:2      | Found a glowing golden altar of the Shining One.
  1433 | D:3      | Found a glowing silver altar of Zin.
  1437 | D:3      | Noticed an angel
  1444 | D:3      | Found a shimmering altar of Xom.
  1647 | D:3      | Reached XP level 4. HP: 23/41 MP: 4/4
  1657 | D:3      | HP: 2/41 [orc/hand axe of chopping (4)]
  1663 | D:3      | Gained mutation: You occasionally shout uncontrollably at your foes. [potion of mutation]
  1663 | D:3      | Gained mutation: You evolve. [potion of mutation]
  1670 | D:3      | Killed from afar by an orc priest

Vault maps used:
D:1:      lightli_arrival_chessboard
D:2:      gammafunk_temple_overflow_wave
D:3:      grunt_temple_overflow_order_and_chaos_1,
          nicolae_overflow_hidden_temple, gammafunk_temple_overflow_pools,
          kennysheep_nub

Skill      XL: |  1  2  3 |
---------------+----------+-----
Fighting       | 4 |  4.3
Unarmed Combat | 4 |  4.3
Dodging        | |  2.6
Stealth        | |  1.8

Action                   |  1- 3 |  4- 6 || total
-------------------------+-------+-------++-------
Melee: Unarmed           |   131 |    14 ||   145
       Tailslap          |    12 |     2 ||    14
       Punch             |     2 |       ||     2
  Use: Potion            |     1 |     6 ||     7
 Stab: Sleeping          |     5 |       ||     5
  Eat: Chunk             |     2 |       ||     2
Armor: Skin              |    31 |     1 ||    32
Dodge: Dodged            |   114 |    12 ||   126
